[ AOE2 MATCH · #467497012 ]
UnrankedByzantines vs Burmese
[ REPLAY ANALYSIS · EXTRACTED FROM THE RECORDED GAME ]
Feudal
2:34
Castle
4:27
Imperial
6:08
| APM avg | 36.5 |
| APM peak | 66 |
| eAPM avg | 33.0 |
| Villagers / military | 125 / 668 |
Focus
⚔️ 37.5% · 🌾 62.5%
Cataphract ×654 · Mangonel ×14
Feudal
1:13
Castle
7:20
Imperial
13:34
| APM avg | 22.7 |
| APM peak | 53 |
| eAPM avg | 21.0 |
| Villagers / military | 171 / 368 |
Focus
⚔️ 32.6% · 🌾 67.4%
Battle Elephant ×363 · Fishing Ship ×6 · Mangonel ×3 · Arambai ×2
Feudal
2:26
Castle
4:31
Imperial
7:37
| APM avg | 31.4 |
| APM peak | 133 |
| eAPM avg | 25.7 |
| Villagers / military | 53 / 616 |
Focus
⚔️ 42.4% · 🌾 57.6%
Plumed Archer ×613 · Mangonel ×3
Feudal
1:11
Castle
6:20
Imperial
11:27
| APM avg | 18.6 |
| APM peak | 35 |
| eAPM avg | 17.6 |
| Villagers / military | 93 / 116 |
Focus
⚔️ 29.9% · 🌾 70.1%
War Elephant ×115 · Mangonel ×1
Feudal
2:48
Castle
5:54
Imperial
8:56
| APM avg | 21.8 |
| APM peak | 69 |
| eAPM avg | 18.0 |
| Villagers / military | 69 / 616 |
Focus
⚔️ 58.4% · 🌾 41.6%
Shotel Warrior ×615 · Mangonel ×1
Feudal
1:25
Castle
8:48
Imperial
14:48
| APM avg | 21.8 |
| APM peak | 75 |
| eAPM avg | 19.9 |
| Villagers / military | 141 / 58 |
Focus
⚔️ 20.6% · 🌾 79.4%
Battle Elephant ×58
Feudal
1:41
Castle
7:50
Imperial
15:28
| APM avg | 24.8 |
| APM peak | 54 |
| eAPM avg | 22.2 |
| Villagers / military | 104 / 2 |
Focus
⚔️ 8.6% · 🌾 91.4%
Trebuchet (Packed) ×2
Feudal
3:36
Castle
7:34
Imperial
13:09
| APM avg | 17.7 |
| APM peak | 46 |
| eAPM avg | 11.5 |
| Villagers / military | 33 / 358 |
Focus
⚔️ 50.2% · 🌾 49.8%
Scout Cavalry ×358
Match map
Initial resources + every placement click. Lines = walls · curves = elevation contours. ◆ gold · ⬟ stone · ● berries · ✦ relic · ◌ wall gap
Your base· ✓ Map-separated
NoAgendaPODCAST's base· ✓ Map-separated
Imperator Storm's base· ✓ Map-separated
Sam's base· ✓ Map-separated
gmc inspector's base· ✓ Map-separated
EL__PATRON's base· ✓ Map-separated
田瘾犯了's base· ✓ Map-separated
N00bTuber's base· ✓ Map-separated
Smoothed initial terrain · ◌ = detected wall gap · hover for details
Inputs per minute
— SimCity2000 - - NoAgendaPODCAST
Build order — SimCity2000
First 150 of 447 actions detected
| 0:04 | Build | House |
| 0:07 | Build | Mill |
| 0:20 | Build | Farm |
| 0:42 | Build | Farm |
| 0:49 | Build | Farm |
| 0:59 | Create | Villager (Male) |
| 1:07 | Build | Farm |
| 1:18 | Build | Lumber Camp |
| 1:29 | Build | Farm |
| 1:37 | Build | Farm |
| 1:42 | Research | Feudal Age |
| 1:42 | Research | Feudal Age |
| 1:49 | Build | Farm |
| 1:56 | Build | Farm |
| 2:02 | Build | Farm |
| 2:08 | Build | Farm |
| 2:13 | Create | Villager (Male) |
| 2:13 | Create | Villager (Male) |
| 2:18 | Build | Farm |
| 2:24 | Build | Farm |
| 2:31 | Build | Farm |
| 2:34 | Age | Feudal Age |
| 2:39 | Build | Farm |
| 2:45 | Research | Double-Bit Axe |
| 2:54 | Build | Market |
| 3:05 | Build | Blacksmith |
| 3:18 | Research | Castle Age |
| 3:31 | Research | Tech 1687 |
| 3:31 | Research | Tech 1687 |
| 3:31 | Research | Tech 1688 |
| 3:32 | Research | Tech 1688 |
| 3:35 | Research | Tech 1625 |
| 3:35 | Research | Tech 1625 |
| 3:36 | Research | Tech 1624 |
| 3:36 | Research | Tech 1624 |
| 3:37 | Build | Farm |
| 3:55 | Build | Farm |
| 3:59 | Research | Wheelbarrow |
| 4:07 | Build | Farm |
| 4:14 | Build | Farm |
| 4:16 | Research | Horse Collar |
| 4:21 | Build | Farm |
| 4:23 | Create | Villager (Male) |
| 4:27 | Age | Castle Age |
| 4:30 | Build | Siege Workshop |
| 4:42 | Build | Monastery |
| 4:51 | Research | Imperial Age |
| 4:52 | Research | Imperial Age |
| 5:04 | Create | Mangonel |
| 5:04 | Create | Mangonel |
| 5:07 | Build | Farm |
| 5:14 | Build | Farm |
| 5:21 | Build | Farm |
| 5:28 | Build | Farm |
| 5:37 | Research | Tech 1623 |
| 5:37 | Research | Tech 1623 |
| 5:38 | Research | Tech 1622 |
| 5:38 | Research | Heavy Plow |
| 5:38 | Research | Heavy Plow |
| 5:39 | Research | Bow Saw |
| 5:39 | Research | Bow Saw |
| 5:39 | Research | Tech 1691 |
| 5:39 | Research | Tech 1691 |
| 5:40 | Research | Tech 1692 |
| 5:43 | Build | Farm |
| 5:53 | Build | Lumber Camp |
| 5:58 | Build | Town Center |
| 6:02 | Build | Farm |
| 6:06 | Research | Bow Saw |
| 6:06 | Research | Tech 1691 |
| 6:08 | Age | Imperial Age |
| 6:13 | Research | Onager (upgrade) |
| 6:19 | Build | Farm |
| 6:27 | Build | Farm |
| 6:37 | Research | Guilds |
| 6:41 | Research | Two-Man Saw |
| 6:41 | Research | Two-Man Saw |
| 6:41 | Research | Tech 1692 |
| 6:41 | Research | Tech 1692 |
| 6:42 | Research | Tech 1705 |
| 6:42 | Research | Tech 1705 |
| 6:42 | Research | Tech 1706 |
| 6:44 | Research | Wheelbarrow |
| 6:45 | Research | Tech 1699 |
| 6:45 | Research | Tech 1699 |
| 6:45 | Research | Tech 1700 |
| 6:45 | Research | Tech 1700 |
| 6:48 | Create | Villager (Male) ×5 |
| 6:50 | Build | Farm |
| 7:00 | Research | Tech 1621 |
| 7:00 | Research | Tech 1621 |
| 7:00 | Research | Tech 1620 |
| 7:00 | Research | Tech 1620 |
| 7:01 | Research | Crop Rotation |
| 7:01 | Research | Crop Rotation |
| 7:04 | Build | Farm |
| 7:14 | Create | Mangonel |
| 7:37 | Build | Farm |
| 7:52 | Create | Mangonel |
| 7:52 | Create | Mangonel |
| 8:07 | Build | Castle |
| 8:15 | Research | Hand Cart |
| 8:16 | Research | Tech 1715 |
| 8:16 | Research | Tech 1715 |
| 8:16 | Research | Tech 1716 |
| 8:16 | Create | Villager (Male) |
| 8:17 | Create | Villager (Male) |
| 8:17 | Create | Villager (Male) |
| 8:17 | Create | Villager (Male) |
| 8:18 | Create | Villager (Male) |
| 8:18 | Create | Villager (Male) |
| 8:18 | Create | Villager (Male) |
| 8:18 | Create | Villager (Male) |
| 8:36 | Create | Villager (Male) |
| 8:36 | Create | Villager (Male) |
| 8:36 | Create | Villager (Male) |
| 8:41 | Build | Farm |
| 8:49 | Create | Villager (Male) |
| 8:49 | Create | Villager (Male) |
| 8:49 | Create | Villager (Male) |
| 8:50 | Create | Villager (Male) |
| 8:50 | Create | Villager (Male) |
| 9:34 | Build | Castle |
| 9:41 | Create | Villager (Male) |
| 9:41 | Create | Villager (Male) |
| 9:41 | Create | Villager (Male) |
| 9:42 | Create | Villager (Male) |
| 9:46 | Research | Conscription |
| 9:46 | Research | Conscription |
| 9:51 | Build | Blacksmith |
| 9:52 | Build | Blacksmith |
| 9:56 | Build | Barracks |
| 10:07 | Create | Villager (Male) ×5 |
| 10:07 | Create | Villager (Male) ×5 |
| 10:08 | Create | Villager (Male) ×5 |
| 10:19 | Research | Scale Barding Armor |
| 10:19 | Research | Forging |
| 10:19 | Research | Scale Barding Armor |
| 10:19 | Research | Fletching |
| 10:19 | Research | Forging |
| 10:20 | Research | Tech 1871 |
| 10:20 | Research | Tech 1661 |
| 10:20 | Research | Tech 1871 |
| 10:20 | Research | Tech 1661 |
| 10:20 | Research | Tech 1872 |
| 10:20 | Research | Tech 1662 |
| 10:20 | Research | Tech 1872 |
| 10:20 | Research | Tech 1662 |
| 10:32 | Research | Tech 1871 |
| 10:32 | Research | Tech 1871 |
Build order — NoAgendaPODCAST
First 150 of 378 actions detected
| 0:07 | Create | Villager (Male) |
| 0:07 | Create | Villager (Male) |
| 0:10 | Build | Lumber Camp |
| 0:13 | Build | Mill |
| 0:14 | Create | Villager (Male) |
| 0:16 | Build | House |
| 0:17 | Create | Villager (Male) |
| 0:33 | Build | Farm |
| 0:34 | Build | Farm |
| 0:36 | Build | Farm |
| 0:37 | Research | Feudal Age |
| 0:48 | Build | Farm |
| 0:59 | Build | Farm |
| 1:13 | Age | Feudal Age |
| 1:15 | Create | Villager (Male) |
| 1:19 | Build | Farm |
| 1:30 | Build | Farm |
| 1:37 | Research | Loom |
| 1:42 | Create | Villager (Male) |
| 1:43 | Create | Villager (Male) |
| 1:54 | Create | Villager (Male) |
| 1:57 | Build | Farm |
| 2:07 | Create | Villager (Male) |
| 2:31 | Create | Villager (Male) |
| 2:32 | Create | Villager (Male) |
| 2:32 | Create | Villager (Male) |
| 2:44 | Create | Villager (Male) |
| 2:48 | Create | Villager (Male) |
| 2:54 | Research | Double-Bit Axe |
| 2:54 | Research | Tech 1687 |
| 2:54 | Research | Tech 1688 |
| 2:59 | Research | Tech 1625 |
| 2:59 | Research | Tech 1625 |
| 3:05 | Research | Tech 1624 |
| 3:17 | Create | Villager (Male) |
| 3:30 | Build | Farm |
| 3:32 | Create | Villager (Male) |
| 3:33 | Create | Villager (Male) |
| 3:34 | Create | Villager (Male) |
| 3:59 | Research | Town Watch |
| 4:02 | Research | Tech 1612 |
| 4:05 | Research | Tech 1613 |
| 4:28 | Create | Villager (Male) |
| 4:28 | Create | Villager (Male) |
| 4:34 | Create | Villager (Male) |
| 4:36 | Create | Villager (Male) |
| 4:38 | Create | Villager (Male) |
| 4:56 | Create | Villager (Male) |
| 5:09 | Create | Villager (Male) |
| 5:10 | Create | Villager (Male) |
| 5:10 | Create | Villager (Male) |
| 5:11 | Create | Villager (Male) |
| 6:05 | Research | Horse Collar |
| 6:23 | Build | Market |
| 6:27 | Create | Villager (Male) |
| 6:32 | Create | Villager (Male) |
| 6:42 | Build | Blacksmith |
| 6:48 | Create | Villager (Male) |
| 7:00 | Research | Wheelbarrow |
| 7:12 | Research | Castle Age |
| 7:20 | Age | Castle Age |
| 7:24 | Build | Lumber Camp |
| 7:31 | Create | Villager (Male) |
| 7:33 | Create | Villager (Male) |
| 7:42 | Build | Town Center |
| 7:45 | Create | Villager (Male) |
| 7:48 | Create | Villager (Male) |
| 7:54 | Build | Lumber Camp |
| 8:01 | Build | Farm |
| 8:08 | Build | Farm |
| 8:16 | Build | Town Center |
| 8:21 | Create | Villager (Male) |
| 8:21 | Create | Villager (Male) |
| 8:22 | Create | Villager (Male) |
| 8:27 | Research | Bow Saw |
| 8:28 | Research | Tech 1691 |
| 8:28 | Research | Tech 1692 |
| 8:28 | Research | Tech 1692 |
| 8:30 | Create | Villager (Male) |
| 9:20 | Build | Mining Camp |
| 9:22 | Create | Villager (Male) |
| 9:23 | Create | Villager (Male) |
| 9:23 | Create | Villager (Male) |
| 9:23 | Create | Villager (Male) |
| 9:24 | Create | Villager (Male) |
| 9:25 | Create | Villager (Male) |
| 9:29 | Build | Lumber Camp |
| 9:39 | Build | Farm |
| 9:45 | Create | Villager (Male) |
| 9:47 | Create | Villager (Male) |
| 9:55 | Create | Villager (Male) |
| 9:59 | Build | Lumber Camp |
| 10:03 | Build | Lumber Camp |
| 10:08 | Build | Farm |
| 10:10 | Create | Villager (Male) |
| 10:13 | Create | Villager (Male) |
| 10:29 | Build | Dock |
| 10:32 | Create | Villager (Male) |
| 10:34 | Create | Villager (Male) |
| 10:40 | Create | Villager (Male) |
| 10:47 | Build | Town Center |
| 10:56 | Research | Tech 1960 |
| 10:56 | Research | Tech 1960 |
| 10:56 | Research | Tech 1961 |
| 10:57 | Research | Tech 1962 |
| 10:58 | Create | Fishing Ship |
| 10:58 | Create | Fishing Ship |
| 10:58 | Create | Fishing Ship |
| 10:59 | Create | Fishing Ship |
| 10:59 | Create | Fishing Ship |
| 10:59 | Create | Fishing Ship |
| 11:07 | Create | Villager (Male) |
| 11:09 | Create | Villager (Male) |
| 11:12 | Create | Villager (Male) |
| 11:24 | Build | Farm |
| 11:40 | Build | Fish Trap |
| 11:43 | Build | Fish Trap |
| 11:45 | Research | Gillnets |
| 11:45 | Research | Tech 1659 |
| 11:46 | Research | Tech 1660 |
| 11:56 | Build | Monastery |
| 12:07 | Build | Siege Workshop |
| 12:10 | Create | Villager (Male) |
| 12:10 | Create | Villager (Male) |
| 12:12 | Research | Wheelbarrow |
| 12:12 | Research | Tech 1699 |
| 12:13 | Research | Tech 1700 |
| 12:19 | Build | Fish Trap |
| 12:22 | Build | Fish Trap |
| 12:32 | Build | Barracks |
| 12:40 | Build | Blacksmith |
| 12:49 | Build | Fish Trap |
| 12:52 | Build | Fish Trap |
| 13:02 | Build | Stable |
| 13:05 | Build | Stable |
| 13:17 | Create | Battle Elephant ×5 |
| 13:17 | Create | Battle Elephant ×5 |
| 13:18 | Create | Battle Elephant ×5 |
| 13:18 | Create | Battle Elephant ×5 |
| 13:31 | Build | Castle |
| 13:34 | Research | Imperial Age |
| 13:34 | Age | Imperial Age |
| 13:35 | Create | Villager (Male) |
| 13:36 | Create | Villager (Male) |
| 13:36 | Create | Villager (Male) |
| 13:36 | Create | Villager (Male) |
| 13:37 | Create | Villager (Male) |
| 13:41 | Build | House |
| 13:42 | Build | House |
| 13:54 | Build | Stable |
Build order — Imperator Storm
First 150 of 349 actions detected
| 0:05 | Build | House |
| 0:08 | Build | House |
| 0:15 | Build | Barracks |
| 0:18 | Build | Mill |
| 0:37 | Build | Farm |
| 0:52 | Build | Farm |
| 1:01 | Build | Lumber Camp |
| 1:11 | Build | Farm |
| 1:19 | Build | Farm |
| 1:27 | Build | Farm |
| 1:34 | Research | Feudal Age |
| 1:37 | Build | Farm |
| 1:51 | Build | Farm |
| 2:01 | Build | Farm |
| 2:06 | Create | Villager (Male) |
| 2:07 | Create | Villager (Male) |
| 2:26 | Age | Feudal Age |
| 2:36 | Research | Tech 1625 |
| 2:37 | Research | Tech 1624 |
| 2:37 | Research | Horse Collar |
| 2:37 | Research | Horse Collar |
| 2:44 | Build | Farm |
| 2:52 | Build | Market |
| 2:55 | Build | Blacksmith |
| 3:04 | Build | Farm |
| 3:07 | Create | Villager (Male) |
| 3:11 | Research | Loom |
| 3:11 | Research | Tech 1628 |
| 3:11 | Research | Tech 1629 |
| 3:13 | Create | Villager (Male) |
| 3:13 | Create | Villager (Male) |
| 3:22 | Research | Town Watch |
| 3:22 | Research | Town Watch |
| 3:22 | Research | Tech 1612 |
| 3:22 | Research | Tech 1613 |
| 3:25 | Research | Castle Age |
| 3:29 | Create | Villager (Male) ×5 |
| 3:48 | Research | Fletching |
| 3:48 | Research | Tech 1681 |
| 3:49 | Research | Tech 1682 |
| 4:01 | Build | Farm |
| 4:09 | Build | Farm |
| 4:16 | Build | Farm |
| 4:21 | Research | Double-Bit Axe |
| 4:22 | Research | Tech 1687 |
| 4:22 | Research | Tech 1687 |
| 4:22 | Research | Tech 1688 |
| 4:29 | Research | Wheelbarrow |
| 4:30 | Research | Tech 1699 |
| 4:30 | Research | Tech 1699 |
| 4:30 | Research | Tech 1700 |
| 4:31 | Age | Castle Age |
| 4:46 | Build | Castle |
| 4:59 | Build | Siege Workshop |
| 5:02 | Create | Villager (Male) |
| 5:04 | Build | Farm |
| 5:06 | Research | Tech 1623 |
| 5:06 | Research | Tech 1623 |
| 5:06 | Research | Tech 1622 |
| 5:07 | Research | Heavy Plow |
| 5:07 | Research | Heavy Plow |
| 5:12 | Build | Farm |
| 5:25 | Build | Farm |
| 5:33 | Build | Farm |
| 5:41 | Build | Farm |
| 5:48 | Research | Town Watch |
| 5:48 | Research | Tech 1612 |
| 5:48 | Research | Tech 1613 |
| 5:49 | Research | Tech 1613 |
| 5:50 | Create | Villager (Male) |
| 5:50 | Create | Villager (Male) |
| 5:54 | Build | Farm |
| 5:58 | Research | Imperial Age |
| 6:13 | Create | Mangonel |
| 6:13 | Create | Mangonel |
| 6:23 | Research | Bow Saw |
| 6:23 | Research | Tech 1691 |
| 6:24 | Research | Tech 1692 |
| 6:24 | Research | Tech 1692 |
| 6:28 | Build | Farm |
| 6:47 | Create | Mangonel |
| 6:53 | Build | Farm |
| 7:08 | Build | Farm |
| 7:21 | Build | Farm |
| 7:37 | Age | Imperial Age |
| 7:38 | Research | Onager (upgrade) |
| 7:50 | Research | Tech 27 |
| 7:54 | Research | Two-Man Saw |
| 7:54 | Research | Two-Man Saw |
| 7:54 | Research | Tech 1705 |
| 7:55 | Research | Tech 1706 |
| 8:01 | Build | Lumber Camp |
| 8:59 | Research | Hand Cart |
| 9:00 | Research | Tech 1715 |
| 9:00 | Research | Tech 1716 |
| 9:32 | Build | University |
| 9:47 | Build | Lumber Camp |
| 9:52 | Research | Tech 1743 |
| 9:52 | Research | Tech 1744 |
| 10:04 | Create | Villager (Male) ×5 |
| 10:09 | Build | Mining Camp |
| 10:33 | Research | Stone Mining |
| 10:33 | Research | Stone Mining |
| 10:34 | Research | Tech 1723 |
| 10:34 | Research | Tech 1724 |
| 10:57 | Build | Mining Camp |
| 11:01 | Build | Mining Camp |
| 11:16 | Research | Stone Shaft Mining |
| 11:16 | Research | Tech 1727 |
| 11:17 | Research | Tech 1728 |
| 11:22 | Research | Tech 4 |
| 11:22 | Research | Tech 4 |
| 11:22 | Research | Tech 1606 |
| 11:22 | Research | Hulche Javelineers |
| 11:23 | Research | Tech 1607 |
| 11:23 | Research | Tech 1774 |
| 12:16 | Create | Villager (Male) ×5 |
| 12:16 | Create | Villager (Male) ×5 |
| 12:27 | Build | Town Center |
| 12:29 | Build | Town Center |
| 12:36 | Build | Outpost |
| 12:53 | Research | Treadmill Crane |
| 12:54 | Research | Tech 1651 |
| 12:54 | Research | Tech 1652 |
| 12:54 | Research | Tech 1652 |
| 12:56 | Research | Chemistry |
| 12:57 | Research | Tech 1640 |
| 12:57 | Research | Tech 1641 |
| 12:58 | Research | Ballistics |
| 13:01 | Research | Bodkin Arrow |
| 13:01 | Research | Bodkin Arrow |
| 13:01 | Research | Tech 1683 |
| 13:01 | Research | Tech 1684 |
| 13:06 | Build | Blacksmith |
| 13:07 | Build | Blacksmith |
| 13:08 | Build | Blacksmith |
| 13:15 | Create | Villager (Male) ×5 |
| 13:32 | Research | Bracer |
| 13:32 | Research | Padded Archer Armor |
| 13:32 | Research | Padded Archer Armor |
| 13:32 | Research | Bracer |
| 13:33 | Research | Tech 1695 |
| 13:33 | Research | Tech 1685 |
| 13:33 | Research | Tech 1695 |
| 13:33 | Research | Tech 1685 |
| 13:33 | Research | Tech 1686 |
| 13:33 | Research | Tech 1696 |
| 13:33 | Research | Tech 1686 |
| 13:33 | Research | Tech 1696 |
| 13:46 | Build | Mill |
Build order — Sam
First 150 of 299 actions detected
| 0:04 | Create | Villager (Male) |
| 0:05 | Create | Villager (Male) |
| 0:12 | Build | Mill |
| 0:15 | Build | House |
| 0:20 | Build | Lumber Camp |
| 0:22 | Create | Villager (Male) |
| 0:34 | Build | Farm |
| 0:37 | Build | Farm |
| 0:38 | Build | Farm |
| 0:43 | Create | Villager (Male) |
| 0:46 | Research | Feudal Age |
| 0:52 | Build | Farm |
| 0:58 | Build | Farm |
| 1:11 | Age | Feudal Age |
| 1:18 | Create | Villager (Male) |
| 1:28 | Build | Farm |
| 1:32 | Build | Farm |
| 1:41 | Create | Villager (Male) |
| 1:51 | Build | Farm |
| 1:53 | Create | Villager (Male) |
| 2:03 | Research | Double-Bit Axe |
| 2:05 | Research | Tech 1687 |
| 2:06 | Research | Tech 1688 |
| 2:13 | Create | Villager (Male) |
| 2:18 | Create | Villager (Male) |
| 2:28 | Research | Tech 1625 |
| 2:39 | Create | Villager (Male) |
| 2:40 | Create | Villager (Male) |
| 2:53 | Research | Tech 1624 |
| 3:04 | Create | Villager (Male) |
| 3:17 | Create | Villager (Male) |
| 3:23 | Create | Villager (Male) |
| 3:23 | Create | Villager (Male) |
| 3:36 | Build | Farm |
| 3:45 | Build | Market |
| 3:47 | Create | Villager (Male) |
| 4:02 | Create | Villager (Male) |
| 4:28 | Create | Villager (Male) |
| 4:29 | Create | Villager (Male) |
| 4:38 | Create | Villager (Male) |
| 4:38 | Create | Villager (Male) |
| 5:04 | Create | Villager (Male) |
| 5:06 | Create | Villager (Male) |
| 5:07 | Create | Villager (Male) |
| 5:07 | Create | Villager (Male) |
| 5:08 | Create | Villager (Male) |
| 5:08 | Create | Villager (Male) |
| 5:08 | Create | Villager (Male) |
| 5:28 | Build | Farm |
| 5:51 | Create | Villager (Male) |
| 6:00 | Build | Blacksmith |
| 6:17 | Research | Castle Age |
| 6:19 | Research | Town Watch |
| 6:20 | Research | Town Watch |
| 6:20 | Research | Tech 1612 |
| 6:20 | Age | Castle Age |
| 6:20 | Research | Tech 1613 |
| 6:21 | Research | Tech 1613 |
| 6:38 | Create | Villager (Male) |
| 6:44 | Build | Farm |
| 6:47 | Research | Bow Saw |
| 6:48 | Research | Bow Saw |
| 6:48 | Research | Tech 1691 |
| 6:48 | Research | Tech 1691 |
| 6:49 | Research | Tech 1692 |
| 6:49 | Research | Tech 1692 |
| 6:52 | Create | Villager (Male) |
| 7:00 | Build | Farm |
| 7:04 | Build | Farm |
| 7:05 | Create | Villager (Male) |
| 7:07 | Create | Villager (Male) |
| 7:16 | Create | Villager (Male) |
| 7:31 | Build | Lumber Camp |
| 7:34 | Create | Villager (Male) |
| 7:34 | Create | Villager (Male) |
| 7:35 | Create | Villager (Male) |
| 7:48 | Create | Villager (Male) |
| 7:48 | Create | Villager (Male) |
| 7:49 | Create | Villager (Male) |
| 8:00 | Create | Villager (Male) |
| 8:13 | Create | Villager (Male) |
| 8:13 | Create | Villager (Male) |
| 8:39 | Build | Lumber Camp |
| 8:59 | Research | Wheelbarrow |
| 9:00 | Research | Tech 1699 |
| 9:19 | Create | Villager (Male) |
| 9:20 | Create | Villager (Male) |
| 9:20 | Create | Villager (Male) |
| 9:21 | Create | Villager (Male) |
| 9:21 | Create | Villager (Male) |
| 10:12 | Create | Villager (Male) |
| 10:14 | Create | Villager (Male) |
| 10:14 | Create | Villager (Male) |
| 10:15 | Create | Villager (Male) |
| 10:15 | Create | Villager (Male) |
| 10:24 | Build | Lumber Camp |
| 10:38 | Build | Siege Workshop |
| 10:46 | Build | Monastery |
| 10:47 | Create | Villager (Male) |
| 10:54 | Build | Mill |
| 11:17 | Create | Villager (Male) |
| 11:17 | Create | Villager (Male) |
| 11:17 | Create | Villager (Male) |
| 11:23 | Research | Imperial Age |
| 11:27 | Age | Imperial Age |
| 11:32 | Create | Mangonel |
| 11:38 | Research | Guilds |
| 11:44 | Research | Two-Man Saw |
| 11:45 | Research | Tech 1705 |
| 11:45 | Research | Tech 1706 |
| 11:49 | Create | Villager (Male) |
| 12:13 | Research | Onager (upgrade) |
| 12:18 | Create | Villager (Male) |
| 12:19 | Create | Villager (Male) |
| 12:31 | Build | House |
| 12:32 | Build | House |
| 12:35 | Build | House |
| 13:16 | Create | Villager (Male) |
| 13:16 | Create | Villager (Male) |
| 13:16 | Create | Villager (Male) |
| 13:17 | Create | Villager (Male) |
| 13:17 | Create | Villager (Male) |
| 13:17 | Create | Villager (Male) |
| 13:18 | Create | Villager (Male) |
| 13:18 | Create | Villager (Male) |
| 13:18 | Create | Villager (Male) |
| 13:28 | Build | Mining Camp |
| 13:36 | Build | Mining Camp |
| 13:39 | Create | Villager (Male) |
| 13:53 | Build | Farm |
| 14:01 | Build | Blacksmith |
| 14:09 | Build | Barracks |
| 14:14 | Build | Lumber Camp |
| 14:16 | Create | Villager (Male) |
| 14:25 | Research | Stone Mining |
| 14:25 | Research | Tech 1723 |
| 14:26 | Research | Tech 1723 |
| 14:26 | Research | Tech 1724 |
| 14:26 | Research | Tech 1724 |
| 14:28 | Research | Gold Mining |
| 14:28 | Research | Gold Mining |
| 14:29 | Research | Tech 1653 |
| 14:29 | Research | Tech 1653 |
| 14:30 | Research | Tech 1654 |
| 14:30 | Research | Tech 1654 |
| 14:33 | Create | Villager (Male) |
| 14:34 | Create | Villager (Male) |
| 14:56 | Build | Mining Camp |
| 15:15 | Build | Castle |
| 15:23 | Research | Stone Shaft Mining |
Build order — gmc inspector
First 150 of 336 actions detected
| 0:09 | Build | Mill |
| 0:25 | Build | Lumber Camp |
| 0:43 | Build | Farm |
| 0:56 | Build | Farm |
| 1:23 | Build | Farm |
| 1:24 | Build | Farm |
| 1:40 | Build | Farm |
| 1:42 | Build | Farm |
| 1:56 | Research | Feudal Age |
| 2:48 | Age | Feudal Age |
| 4:07 | Research | Tech 1625 |
| 4:07 | Research | Tech 1625 |
| 4:08 | Research | Tech 1624 |
| 4:08 | Research | Tech 1624 |
| 4:08 | Research | Horse Collar |
| 4:10 | Research | Double-Bit Axe |
| 4:10 | Research | Tech 1687 |
| 4:11 | Research | Tech 1688 |
| 4:11 | Research | Tech 1688 |
| 4:14 | Build | Market |
| 4:18 | Build | Blacksmith |
| 4:50 | Research | Castle Age |
| 5:54 | Age | Castle Age |
| 6:25 | Research | Wheelbarrow |
| 6:26 | Research | Tech 1699 |
| 6:26 | Research | Tech 1700 |
| 6:31 | Research | Bow Saw |
| 6:32 | Research | Bow Saw |
| 6:32 | Research | Tech 1691 |
| 6:32 | Research | Tech 1691 |
| 6:33 | Research | Tech 1692 |
| 6:45 | Build | Castle |
| 6:48 | Build | Lumber Camp |
| 7:00 | Research | Hand Cart |
| 7:01 | Research | Tech 1715 |
| 7:01 | Research | Tech 1716 |
| 7:01 | Research | Tech 1716 |
| 7:07 | Research | Bow Saw |
| 7:08 | Research | Tech 1691 |
| 7:08 | Research | Tech 1692 |
| 7:29 | Research | Hand Cart |
| 7:38 | Research | Imperial Age |
| 8:11 | Build | Town Center |
| 8:54 | Research | Hand Cart |
| 8:55 | Research | Tech 1700 |
| 8:56 | Research | Tech 1715 |
| 8:56 | Age | Imperial Age |
| 8:57 | Research | Tech 1716 |
| 8:59 | Research | Torsion Engines |
| 9:00 | Research | Tech 1804 |
| 9:23 | Build | Market |
| 9:26 | Research | Town Watch |
| 9:26 | Research | Town Watch |
| 9:26 | Research | Tech 1612 |
| 9:27 | Research | Town Patrol |
| 9:27 | Research | Tech 1613 |
| 9:27 | Research | Tech 1613 |
| 9:47 | Research | Two-Man Saw |
| 9:48 | Research | Tech 1705 |
| 9:48 | Research | Tech 1705 |
| 9:49 | Research | Tech 1706 |
| 9:49 | Research | Tech 1706 |
| 10:14 | Build | Siege Workshop |
| 10:17 | Create | Villager (Male) ×5 |
| 10:18 | Create | Villager (Male) ×5 |
| 10:21 | Create | Villager (Male) |
| 10:22 | Research | Tech 1623 |
| 10:23 | Research | Tech 1622 |
| 10:23 | Research | Tech 1622 |
| 10:23 | Research | Heavy Plow |
| 10:24 | Research | Heavy Plow |
| 10:27 | Build | Farm |
| 10:30 | Build | Farm |
| 10:35 | Research | Onager (upgrade) |
| 10:36 | Create | Mangonel |
| 11:42 | Research | Loom |
| 11:42 | Research | Loom |
| 11:43 | Research | Tech 1628 |
| 11:43 | Research | Tech 1628 |
| 11:47 | Research | Tech 1629 |
| 12:02 | Build | Mining Camp |
| 12:17 | Research | Stone Mining |
| 12:18 | Research | Tech 1723 |
| 12:18 | Research | Tech 1723 |
| 12:18 | Research | Tech 1724 |
| 12:18 | Research | Gold Mining |
| 12:19 | Research | Gold Mining |
| 12:19 | Research | Tech 1724 |
| 12:19 | Research | Tech 1653 |
| 12:19 | Research | Tech 1653 |
| 12:20 | Research | Tech 1654 |
| 12:24 | Create | Villager (Male) ×5 |
| 12:24 | Create | Villager (Male) ×5 |
| 12:25 | Create | Villager (Male) ×5 |
| 12:25 | Create | Villager (Male) ×5 |
| 12:25 | Create | Villager (Male) ×5 |
| 12:25 | Create | Villager (Male) ×3 |
| 12:30 | Build | House |
| 12:33 | Build | House |
| 12:40 | Research | Stone Shaft Mining |
| 12:40 | Research | Tech 1727 |
| 12:41 | Research | Tech 1728 |
| 13:43 | Build | Town Center |
| 13:48 | Build | Town Center |
| 13:49 | Build | Town Center |
| 13:50 | Research | Tech 1621 |
| 13:51 | Research | Tech 1620 |
| 13:55 | Research | Tech 1805 |
| 13:57 | Research | Elite Shotel Warrior (upgrade) |
| 13:57 | Research | Royal Heirs |
| 13:57 | Research | Tech 1802 |
| 13:58 | Research | Tech 1802 |
| 14:28 | Build | Castle |
| 14:38 | Build | Barracks |
| 14:40 | Create | Villager (Male) ×5 |
| 14:40 | Create | Villager (Male) ×5 |
| 14:40 | Create | Villager (Male) ×5 |
| 14:41 | Create | Villager (Male) ×5 |
| 14:41 | Create | Villager (Male) ×5 |
| 14:41 | Create | Villager (Male) ×5 |
| 14:52 | Build | Farm |
| 14:53 | Build | Farm |
| 14:55 | Build | Farm |
| 15:11 | Build | Castle |
| 15:14 | Build | Castle |
| 15:16 | Build | Castle |
| 15:21 | Research | Tech 1803 |
| 15:23 | Research | Conscription |
| 15:24 | Research | Tech 1733 |
| 15:25 | Research | Tech 1734 |
| 15:25 | Research | Tech 1734 |
| 15:29 | Create | Shotel Warrior ×5 |
| 15:29 | Create | Shotel Warrior ×5 |
| 15:29 | Create | Shotel Warrior |
| 15:43 | Research | Tech 1858 |
| 15:43 | Research | Squires |
| 15:43 | Research | Arson |
| 15:43 | Research | Tech 1701 |
| 15:43 | Research | Tech 1859 |
| 15:43 | Research | Arson |
| 15:44 | Research | Tech 1702 |
| 15:44 | Research | Tech 1721 |
| 15:44 | Research | Tech 1702 |
| 15:44 | Research | Tech 1722 |
| 16:14 | Build | University |
| 16:32 | Research | Tech 1651 |
| 16:32 | Research | Tech 1651 |
| 16:33 | Research | Tech 1652 |
| 16:46 | Create | Shotel Warrior ×5 |
| 16:47 | Create | Shotel Warrior ×5 |
Build order — EL__PATRON
First 150 of 297 actions detected
| 0:02 | Create | Villager (Male) |
| 0:02 | Create | Villager (Male) |
| 0:05 | Build | House |
| 0:08 | Build | Mill |
| 0:14 | Create | Villager (Male) |
| 0:14 | Create | Villager (Male) ×5 |
| 0:15 | Create | Villager (Male) |
| 0:15 | Create | Villager (Male) |
| 0:15 | Create | Villager (Male) |
| 0:16 | Create | Villager (Male) |
| 0:28 | Build | Farm |
| 0:34 | Build | Farm |
| 0:36 | Build | Farm |
| 0:38 | Build | Farm |
| 0:40 | Build | Farm |
| 0:47 | Build | Farm |
| 0:49 | Build | Farm |
| 0:50 | Build | Farm |
| 0:52 | Create | Villager (Male) |
| 0:52 | Create | Villager (Male) |
| 1:05 | Build | Lumber Camp |
| 1:22 | Research | Feudal Age |
| 1:22 | Research | Feudal Age |
| 1:25 | Age | Feudal Age |
| 1:28 | Create | Villager (Male) |
| 1:36 | Create | Villager (Male) |
| 1:49 | Research | Town Watch |
| 1:58 | Research | Tech 1612 |
| 2:13 | Research | Tech 1613 |
| 2:15 | Create | Villager (Male) |
| 2:30 | Create | Villager (Male) |
| 2:37 | Create | Villager (Male) |
| 2:42 | Research | Double-Bit Axe |
| 2:42 | Research | Double-Bit Axe |
| 2:43 | Research | Tech 1687 |
| 2:43 | Research | Tech 1687 |
| 2:44 | Research | Tech 1688 |
| 2:44 | Research | Tech 1688 |
| 2:44 | Research | Tech 1688 |
| 2:45 | Create | Villager (Male) |
| 2:58 | Research | Wheelbarrow |
| 3:05 | Create | Villager (Male) |
| 3:38 | Research | Tech 1699 |
| 3:48 | Create | Villager (Male) |
| 4:02 | Build | Market |
| 4:09 | Build | Blacksmith |
| 4:11 | Create | Villager (Male) |
| 4:12 | Research | Tech 1700 |
| 4:14 | Create | Villager (Male) |
| 4:17 | Build | Farm |
| 4:24 | Create | Villager (Male) |
| 4:31 | Build | Farm |
| 4:40 | Build | Farm |
| 4:54 | Create | Villager (Male) |
| 5:10 | Research | Tech 1625 |
| 5:21 | Build | Farm |
| 5:22 | Create | Villager (Male) |
| 5:27 | Create | Villager (Male) |
| 5:37 | Create | Villager (Male) |
| 5:51 | Create | Villager (Male) |
| 6:01 | Research | Tech 1624 |
| 6:02 | Research | Horse Collar |
| 6:09 | Build | Farm |
| 6:11 | Create | Villager (Male) |
| 6:51 | Create | Villager (Male) |
| 6:53 | Create | Villager (Male) |
| 7:07 | Build | Lumber Camp |
| 7:19 | Create | Villager (Male) |
| 7:24 | Create | Villager (Male) |
| 7:38 | Create | Villager (Male) |
| 7:53 | Create | Villager (Male) |
| 8:35 | Create | Villager (Male) |
| 8:37 | Research | Castle Age |
| 8:48 | Age | Castle Age |
| 8:50 | Create | Villager (Male) |
| 8:55 | Create | Villager (Male) |
| 9:00 | Create | Villager (Male) |
| 9:12 | Create | Villager (Male) |
| 9:17 | Research | Bow Saw |
| 9:18 | Research | Tech 1691 |
| 9:18 | Research | Tech 1692 |
| 9:21 | Create | Villager (Male) |
| 9:33 | Create | Villager (Male) |
| 9:51 | Create | Villager (Male) |
| 9:59 | Build | Town Center |
| 10:00 | Create | Villager (Male) |
| 10:01 | Create | Villager (Male) |
| 10:01 | Create | Villager (Male) |
| 10:01 | Create | Villager (Male) |
| 10:09 | Create | Villager (Male) |
| 10:09 | Create | Villager (Male) |
| 10:21 | Create | Villager (Male) |
| 10:21 | Create | Villager (Male) |
| 10:23 | Create | Villager (Male) |
| 10:26 | Create | Villager (Male) |
| 10:31 | Build | Town Center |
| 10:32 | Create | Villager (Male) |
| 10:38 | Create | Villager (Male) |
| 10:46 | Create | Villager (Male) |
| 10:46 | Create | Villager (Male) |
| 10:51 | Build | Farm |
| 10:52 | Build | Farm |
| 10:55 | Build | Farm |
| 10:58 | Create | Villager (Male) |
| 10:58 | Create | Villager (Male) |
| 11:13 | Create | Villager (Male) |
| 11:13 | Create | Villager (Male) |
| 11:13 | Create | Villager (Male) |
| 11:26 | Build | Farm |
| 11:29 | Create | Villager (Male) |
| 11:33 | Create | Villager (Male) |
| 11:34 | Create | Villager (Male) |
| 11:36 | Build | Farm |
| 11:36 | Create | Villager (Male) |
| 12:04 | Create | Villager (Male) |
| 12:06 | Create | Villager (Male) |
| 12:06 | Create | Villager (Male) |
| 12:06 | Create | Villager (Male) |
| 12:06 | Create | Villager (Male) |
| 12:06 | Create | Villager (Male) |
| 12:10 | Build | Farm |
| 12:12 | Build | Farm |
| 12:17 | Build | Lumber Camp |
| 12:18 | Create | Villager (Male) |
| 12:18 | Create | Villager (Male) |
| 12:19 | Create | Villager (Male) |
| 12:21 | Build | House |
| 12:25 | Create | Villager (Male) |
| 12:25 | Create | Villager (Male) |
| 12:31 | Build | Farm |
| 12:33 | Create | Villager (Male) |
| 12:33 | Create | Villager (Male) |
| 12:33 | Create | Villager (Male) |
| 12:34 | Create | Villager (Male) |
| 12:40 | Build | Farm |
| 12:40 | Create | Villager (Male) |
| 12:42 | Create | Villager (Male) |
| 12:54 | Create | Villager (Male) |
| 12:55 | Create | Villager (Male) |
| 12:57 | Build | Farm |
| 12:58 | Create | Villager (Male) |
| 13:04 | Create | Villager (Male) |
| 13:12 | Create | Villager (Male) |
| 13:17 | Create | Villager (Male) |
| 13:18 | Create | Villager (Male) |
| 13:23 | Create | Villager (Male) |
| 13:23 | Create | Villager (Male) |
| 13:24 | Create | Villager (Male) |
| 13:45 | Build | Castle |
| 13:49 | Create | Villager (Male) |
Build order — 田瘾犯了
First 150 of 196 actions detected
| 0:02 | Create | Villager (Male) |
| 0:02 | Create | Villager (Male) |
| 0:02 | Create | Villager (Male) |
| 0:06 | Build | House |
| 0:08 | Build | Mill |
| 0:11 | Build | Lumber Camp |
| 0:17 | Create | Villager (Male) |
| 0:27 | Create | Villager (Male) |
| 0:35 | Build | Farm |
| 0:37 | Build | Farm |
| 0:40 | Build | Farm |
| 0:54 | Build | Farm |
| 1:11 | Build | Farm |
| 1:20 | Create | Villager (Male) |
| 1:27 | Build | Farm |
| 1:40 | Research | Feudal Age |
| 1:41 | Age | Feudal Age |
| 1:46 | Research | Double-Bit Axe |
| 1:46 | Research | Double-Bit Axe |
| 1:46 | Research | Tech 1687 |
| 1:47 | Research | Tech 1688 |
| 1:47 | Research | Tech 1688 |
| 1:48 | Create | Villager (Male) |
| 1:50 | Build | Farm |
| 1:56 | Create | Villager (Male) |
| 2:06 | Research | Tech 1625 |
| 2:23 | Research | Tech 1624 |
| 2:37 | Research | Horse Collar |
| 2:50 | Create | Villager (Male) |
| 2:55 | Build | Market |
| 3:16 | Research | Town Watch |
| 3:17 | Research | Tech 1612 |
| 3:31 | Research | Tech 1613 |
| 3:31 | Research | Tech 1613 |
| 3:44 | Create | Villager (Male) |
| 3:53 | Create | Villager (Male) |
| 3:59 | Create | Villager (Male) |
| 4:07 | Create | Villager (Male) |
| 4:36 | Research | Wheelbarrow |
| 5:01 | Build | Farm |
| 5:06 | Build | Farm |
| 5:23 | Research | Tech 1699 |
| 5:43 | Research | Tech 1700 |
| 5:43 | Research | Tech 1700 |
| 6:21 | Create | Villager (Male) |
| 6:21 | Create | Villager (Male) |
| 6:25 | Create | Villager (Male) |
| 6:41 | Create | Villager (Male) |
| 7:06 | Create | Villager (Male) |
| 7:15 | Build | Blacksmith |
| 7:19 | Create | Villager (Male) |
| 7:20 | Create | Villager (Male) |
| 7:21 | Create | Villager (Male) |
| 7:47 | Build | Farm |
| 7:50 | Research | Castle Age |
| 7:50 | Age | Castle Age |
| 7:50 | Research | Castle Age |
| 8:02 | Build | Lumber Camp |
| 8:10 | Create | Villager (Male) |
| 8:24 | Research | Bow Saw |
| 8:24 | Research | Tech 1691 |
| 8:25 | Research | Tech 1692 |
| 8:40 | Build | Lumber Camp |
| 8:50 | Research | Hand Cart |
| 8:50 | Research | Hand Cart |
| 9:20 | Research | Tech 1715 |
| 9:29 | Research | Tech 1716 |
| 9:41 | Create | Villager (Male) |
| 10:06 | Create | Villager (Male) |
| 10:07 | Create | Villager (Male) |
| 10:07 | Create | Villager (Male) |
| 10:08 | Create | Villager (Male) |
| 10:10 | Create | Villager (Male) |
| 10:13 | Build | Lumber Camp |
| 10:54 | Build | Town Center |
| 10:59 | Build | Mining Camp |
| 11:42 | Create | Villager (Male) |
| 11:43 | Create | Villager (Male) |
| 11:43 | Create | Villager (Male) |
| 11:47 | Research | Stone Mining |
| 11:47 | Research | Tech 1723 |
| 11:47 | Research | Tech 1724 |
| 11:48 | Research | Tech 1724 |
| 11:50 | Create | Villager (Male) |
| 11:51 | Create | Villager (Male) |
| 11:51 | Create | Villager (Male) |
| 11:51 | Create | Villager (Male) |
| 11:57 | Build | Mill |
| 12:02 | Create | Villager (Male) |
| 12:04 | Create | Villager (Male) |
| 12:15 | Research | Tech 1623 |
| 12:16 | Research | Tech 1622 |
| 12:16 | Research | Heavy Plow |
| 12:16 | Research | Heavy Plow |
| 12:18 | Create | Villager (Male) |
| 12:19 | Create | Villager (Male) |
| 12:24 | Research | Tech 1727 |
| 12:24 | Research | Tech 1728 |
| 12:28 | Create | Villager (Male) |
| 12:29 | Create | Villager (Male) |
| 12:29 | Create | Villager (Male) |
| 12:48 | Create | Villager (Male) |
| 12:49 | Create | Villager (Male) |
| 12:51 | Create | Villager (Male) |
| 12:52 | Create | Villager (Male) |
| 12:58 | Create | Villager (Male) |
| 12:58 | Create | Villager (Male) |
| 12:59 | Create | Villager (Male) |
| 13:26 | Create | Villager (Male) |
| 13:27 | Create | Villager (Male) |
| 13:27 | Create | Villager (Male) |
| 13:29 | Create | Villager (Male) |
| 13:30 | Create | Villager (Male) |
| 13:31 | Create | Villager (Male) |
| 13:32 | Create | Villager (Male) |
| 13:48 | Create | Villager (Male) |
| 13:48 | Create | Villager (Male) |
| 13:48 | Create | Villager (Male) |
| 13:49 | Create | Villager (Male) |
| 13:49 | Create | Villager (Male) |
| 13:50 | Create | Villager (Male) |
| 13:50 | Create | Villager (Male) |
| 13:51 | Create | Villager (Male) |
| 13:51 | Create | Villager (Male) |
| 14:12 | Build | House |
| 14:13 | Build | House |
| 14:31 | Build | Castle |
| 14:41 | Create | Villager (Male) |
| 14:59 | Research | Gold Mining |
| 15:00 | Research | Tech 1653 |
| 15:01 | Research | Tech 1654 |
| 15:08 | Create | Villager (Male) |
| 15:10 | Create | Villager (Male) |
| 15:10 | Create | Villager (Male) |
| 15:28 | Research | Imperial Age |
| 15:28 | Age | Imperial Age |
| 15:30 | Research | Warwolf |
| 15:31 | Research | Tech 1766 |
| 15:31 | Research | Tech 1766 |
| 15:34 | Research | Conscription |
| 15:34 | Research | Conscription |
| 15:35 | Research | Tech 1733 |
| 15:35 | Research | Tech 1733 |
| 15:35 | Research | Tech 1733 |
| 15:43 | Research | Tech 1734 |
| 15:44 | Create | Trebuchet (Packed) |
| 15:44 | Create | Trebuchet (Packed) |
| 15:53 | Build | Lumber Camp |
| 16:13 | Research | Guilds |
| 16:38 | Create | Villager (Male) |
Build order — N00bTuber
First 150 of 174 actions detected
| 0:18 | Build | Lumber Camp |
| 0:28 | Build | Mill |
| 1:01 | Build | Farm |
| 1:04 | Build | House |
| 1:06 | Build | House |
| 1:10 | Build | Farm |
| 2:44 | Research | Feudal Age |
| 3:19 | Create | Villager (Male) ×5 |
| 3:19 | Create | Villager (Male) ×5 |
| 3:36 | Age | Feudal Age |
| 3:37 | Research | Double-Bit Axe |
| 3:37 | Research | Tech 1687 |
| 3:38 | Research | Tech 1688 |
| 3:53 | Build | Blacksmith |
| 4:06 | Build | Market |
| 4:37 | Build | House |
| 4:40 | Build | House |
| 4:45 | Research | Castle Age |
| 5:06 | Build | Lumber Camp |
| 6:17 | Research | Wheelbarrow |
| 6:18 | Research | Tech 1699 |
| 6:18 | Research | Tech 1699 |
| 6:28 | Research | Tech 1700 |
| 6:29 | Research | Loom |
| 6:29 | Research | Tech 1628 |
| 6:30 | Research | Tech 1629 |
| 6:31 | Research | Town Watch |
| 6:32 | Research | Tech 1612 |
| 6:32 | Research | Tech 1613 |
| 7:34 | Age | Castle Age |
| 7:36 | Build | Lumber Camp |
| 7:47 | Research | Bow Saw |
| 7:48 | Research | Tech 1691 |
| 7:48 | Research | Tech 1692 |
| 8:26 | Build | Town Center |
| 8:54 | Create | Villager (Male) ×5 |
| 8:55 | Create | Villager (Male) ×5 |
| 8:55 | Create | Villager (Male) ×5 |
| 8:56 | Create | Villager (Male) ×3 |
| 8:57 | Create | Villager (Male) ×5 |
| 9:12 | Build | Castle |
| 9:39 | Research | Town Patrol |
| 10:20 | Research | Imperial Age |
| 10:25 | Research | Szlachta Privileges |
| 10:56 | Build | Lumber Camp |
| 11:18 | Build | Siege Workshop |
| 11:37 | Build | Barracks |
| 12:11 | Research | Squires |
| 12:12 | Research | Tech 1701 |
| 12:12 | Research | Tech 1702 |
| 12:13 | Research | Arson |
| 12:14 | Research | Tech 1721 |
| 12:14 | Research | Tech 1721 |
| 12:14 | Research | Tech 1722 |
| 12:29 | Build | Stable |
| 12:35 | Build | Stable |
| 12:40 | Build | Stable |
| 12:42 | Build | Stable |
| 12:48 | Research | Bloodlines |
| 12:48 | Research | Husbandry |
| 12:49 | Research | Tech 1749 |
| 12:50 | Research | Tech 1634 |
| 12:50 | Research | Tech 1750 |
| 12:51 | Research | Tech 1635 |
| 12:56 | Research | Light Cavalry (upgrade) |
| 13:09 | Age | Imperial Age |
| 13:16 | Build | Mining Camp |
| 13:22 | Research | Lechitic Legacy |
| 13:26 | Research | Conscription |
| 13:26 | Research | Tech 1733 |
| 13:27 | Research | Tech 1734 |
| 14:04 | Create | Scout Cavalry ×5 |
| 14:04 | Create | Scout Cavalry ×5 |
| 14:05 | Create | Scout Cavalry ×4 |
| 14:09 | Research | Winged Hussar (upgrade) |
| 14:20 | Build | Farm |
| 14:27 | Create | Scout Cavalry ×3 |
| 14:35 | Build | Lumber Camp |
| 14:48 | Research | Scale Barding Armor |
| 14:49 | Research | Tech 1871 |
| 15:08 | Build | Mill |
| 15:15 | Build | Farm |
| 15:16 | Build | Farm |
| 15:21 | Build | Farm |
| 15:25 | Build | Farm |
| 15:31 | Build | Farm |
| 15:37 | Create | Scout Cavalry ×5 |
| 15:37 | Create | Scout Cavalry ×5 |
| 15:38 | Create | Scout Cavalry ×4 |
| 15:38 | Create | Scout Cavalry ×4 |
| 15:47 | Create | Scout Cavalry |
| 15:57 | Build | Lumber Camp |
| 16:12 | Build | Farm |
| 16:14 | Build | Farm |
| 16:19 | Create | Scout Cavalry ×5 |
| 16:20 | Create | Scout Cavalry ×5 |
| 16:20 | Create | Scout Cavalry ×5 |
| 16:20 | Create | Scout Cavalry ×4 |
| 16:21 | Create | Scout Cavalry ×2 |
| 16:21 | Create | Scout Cavalry |
| 16:48 | Create | Scout Cavalry ×4 |
| 17:01 | Create | Scout Cavalry ×5 |
| 17:01 | Create | Scout Cavalry ×5 |
| 17:02 | Create | Scout Cavalry ×3 |
| 17:02 | Create | Scout Cavalry ×2 |
| 17:02 | Create | Scout Cavalry ×2 |
| 17:03 | Create | Scout Cavalry ×2 |
| 17:35 | Create | Scout Cavalry ×5 |
| 17:35 | Create | Scout Cavalry ×5 |
| 17:36 | Create | Scout Cavalry ×2 |
| 17:36 | Create | Scout Cavalry |
| 17:57 | Create | Scout Cavalry ×5 |
| 17:58 | Create | Scout Cavalry ×5 |
| 17:58 | Create | Scout Cavalry ×5 |
| 18:51 | Create | Scout Cavalry ×5 |
| 18:51 | Create | Scout Cavalry ×5 |
| 18:52 | Create | Scout Cavalry ×5 |
| 18:52 | Create | Scout Cavalry ×5 |
| 18:52 | Create | Scout Cavalry ×5 |
| 18:53 | Create | Scout Cavalry |
| 18:53 | Create | Scout Cavalry ×2 |
| 18:53 | Create | Scout Cavalry ×2 |
| 19:17 | Create | Scout Cavalry ×5 |
| 19:17 | Create | Scout Cavalry ×5 |
| 19:18 | Create | Scout Cavalry ×5 |
| 19:18 | Create | Scout Cavalry ×2 |
| 19:38 | Create | Scout Cavalry ×5 |
| 19:38 | Create | Scout Cavalry ×2 |
| 19:39 | Create | Scout Cavalry ×2 |
| 19:40 | Create | Scout Cavalry ×2 |
| 19:40 | Create | Scout Cavalry |
| 19:40 | Create | Scout Cavalry ×2 |
| 19:58 | Create | Scout Cavalry ×5 |
| 19:58 | Create | Scout Cavalry ×5 |
| 19:59 | Create | Scout Cavalry ×2 |
| 19:59 | Create | Scout Cavalry ×2 |
| 20:13 | Create | Scout Cavalry ×2 |
| 20:14 | Create | Scout Cavalry ×4 |
| 20:15 | Create | Scout Cavalry ×2 |
| 21:18 | Create | Scout Cavalry ×5 |
| 21:19 | Create | Scout Cavalry ×5 |
| 21:19 | Create | Scout Cavalry ×5 |
| 21:19 | Create | Scout Cavalry ×5 |
| 21:20 | Create | Scout Cavalry ×5 |
| 21:20 | Create | Scout Cavalry ×5 |
| 21:20 | Create | Scout Cavalry ×5 |
| 21:21 | Create | Scout Cavalry ×5 |
| 21:21 | Create | Scout Cavalry |
| 23:10 | Create | Scout Cavalry ×5 |
| 23:10 | Create | Scout Cavalry ×5 |
Match timeline
| 0:15 | Imperator Storm · first_building Barracks |
| 1:11 | Sam · age_up feudal |
| 1:13 | NoAgendaPODCAST · age_up feudal |
| 1:25 | EL__PATRON · age_up feudal |
| 1:41 | 田瘾犯了 · age_up feudal |
| 2:26 | Imperator Storm · age_up feudal |
| 2:34 | SimCity2000 · age_up feudal |
| 2:48 | gmc inspector · age_up feudal |
| 3:36 | N00bTuber · age_up feudal |
| 3:37 | 田瘾犯了 · first_market_sell 100 wood |
| 4:14 | Sam · first_market_sell 500 wood |
| 4:22 | Sam · first_market_buy 100 food |
| 4:27 | SimCity2000 · age_up castle |
| 4:30 | SimCity2000 · first_building Siege Workshop |
| 4:31 | Imperator Storm · age_up castle |
| 4:39 | Imperator Storm · first_market_buy 500 stone |
| 4:42 | Imperator Storm · first_market_sell 500 food |
| 4:42 | SimCity2000 · first_building Monastery |
| 4:46 | Imperator Storm · first_building Castle |
| 4:51 | EL__PATRON · first_market_sell 100 wood |
| 4:59 | Imperator Storm · first_building Siege Workshop |
| 5:23 | SimCity2000 · first_market_sell 500 food |
| 5:34 | SimCity2000 · first_market_buy 500 wood |
| 5:54 | gmc inspector · age_up castle |
| 5:57 | N00bTuber · first_market_sell 500 wood |
| 6:02 | N00bTuber · first_market_buy 500 stone |
| 6:08 | SimCity2000 · age_up imperial |
| 6:20 | Sam · age_up castle |
| 6:36 | gmc inspector · first_market_buy 500 stone |
| 6:45 | gmc inspector · first_building Castle |
| 6:51 | NoAgendaPODCAST · first_market_sell 500 wood |
| 7:09 | NoAgendaPODCAST · first_market_buy 100 food |
| 7:20 | NoAgendaPODCAST · age_up castle |
| 7:34 | N00bTuber · age_up castle |
| 7:37 | Imperator Storm · age_up imperial |
| 7:50 | 田瘾犯了 · age_up castle |
| 8:07 | SimCity2000 · first_building Castle |
| 8:48 | EL__PATRON · age_up castle |
| 8:56 | gmc inspector · age_up imperial |
| 9:12 | N00bTuber · first_building Castle |
| 9:53 | gmc inspector · first_market_sell 500 wood |
| 9:56 | SimCity2000 · first_building Barracks |
| 10:14 | gmc inspector · first_building Siege Workshop |
| 10:29 | NoAgendaPODCAST · first_building Dock |
| 10:37 | EL__PATRON · first_market_buy 500 stone |
| 10:38 | Sam · first_building Siege Workshop |
| 10:46 | Sam · first_building Monastery |
| 11:18 | N00bTuber · first_building Siege Workshop |
| 11:19 | SimCity2000 · first_building Stable |
| 11:27 | Sam · age_up imperial |
| 11:37 | N00bTuber · first_building Barracks |
| 11:56 | NoAgendaPODCAST · first_building Monastery |
| 12:07 | NoAgendaPODCAST · first_building Siege Workshop |
| 12:29 | N00bTuber · first_building Stable |
| 12:32 | NoAgendaPODCAST · first_building Barracks |
| 13:02 | NoAgendaPODCAST · first_building Stable |
| 13:09 | N00bTuber · age_up imperial |
| 13:31 | NoAgendaPODCAST · first_building Castle |
| 13:34 | NoAgendaPODCAST · age_up imperial |
| 13:45 | EL__PATRON · first_building Castle |
| 14:09 | Sam · first_building Barracks |
| 14:31 | 田瘾犯了 · first_building Castle |
| 14:38 | gmc inspector · first_building Barracks |
| 14:40 | Imperator Storm · first_building Archery Range |
| 14:48 | EL__PATRON · age_up imperial |
| 15:15 | Sam · first_building Castle |
| 15:20 | EL__PATRON · first_building Barracks |
| 15:28 | 田瘾犯了 · age_up imperial |
| 15:34 | Sam · first_building Stable |
| 15:41 | EL__PATRON · first_building Stable |
| 15:53 | NoAgendaPODCAST · first_building Archery Range |
| 19:33 | 田瘾犯了 · first_building Dock |
| 19:45 | EL__PATRON · resign |
[ AI ANALYSIS · 1 CREDIT ]
What really happened in this match?
Wolo.gg analyzes every decision: build order, eco, micro, common mistakes by bracket. Personalized analysis on WhatsApp or Discord in 30 seconds.
Civ guide
Byzantines
Perfil
Jugador #20942421